Map: Arctic Dream LE

Players

Massa

  • Race: Terran Terran
  • League: Platinum
  • Spawn Location: 11:00

qqq

  • Race: Zerg Zerg
  • Spawn Location: 12:00

Guigou - Winner!

  • Race: Zerg Zerg
  • League: Diamond
  • Spawn Location: 5:00

Carlito - Winner!

  • Race: Protoss Protoss
  • League: Platinum
  • Spawn Location: 6:00

VOD

Have the link to the VOD?

Description

Time

  • Played on: March 24, 2021, 5:05 p.m.
  • Length: 6:22
Show
View Real Time Build Order
Export as new Build Order

Massa Terran 

Build Orders: 2 Factory 

Get SALT Encoding   

  12  0:00  SCV  
  13  0:12  SCV  
  14  0:18  Supply Depot  
  14  0:24  SCV  
  15  0:40  SCV  
  15  0:42  Barracks  
  16  0:47  Refinery  
  16  0:52  SCV  
  18  1:04  SCV  
  18  1:16  SCV  
  19  1:36  Orbital Command  
  19  1:44  Command Center  
  19  1:55  Supply Depot  
  19  2:04  Factory  
  19  2:08  SCV  
  20  2:16  Barracks Tech Lab  
  20  2:25  SCV  
  21  2:32  Refinery  
  21  2:37  Marine  
  21  2:38  SCV  
  23  2:49  Hellion  
  23  2:50  SCV  
  26  2:52  Factory  
  26  3:00  Marine  
  26  3:02  SCV  
  28  3:11  Hellion  
  30  3:32  Hellion  
  32  3:34  Orbital Command  
  32  3:35  SCV  
  32  3:39  Barracks  
  31  3:43  Supply Depot x2  
  31  3:44  Supply Depot  
  31  3:47  SCV  
  30  3:50  Hellion  
  30  3:57  Hellion  
  32  4:11  Hellion  
  32  4:18  Hellion  
  32  4:33  Hellion  
  36  4:50  Barracks Reactor  
  34  4:53  Barracks Tech Lab  
  34  4:54  Hellion  
  34  4:55  SCV x2  
  34  4:59  Starport  
  38  5:00  Refinery  
  38  5:07  SCV x2  
  38  5:08  Barracks  
  38  5:09  Barracks  
  38  5:11  Engineering Bay  
  40  5:15  Cyclone  
  40  5:16  Factory Tech Lab  
  40  5:19  SCV  
  40  5:21  Marauder  
  42  5:42  Marauder  
  42  5:49  Hellion x2  
Show
View Real Time Build Order
Export as new Build Order

qqq Zerg 

Build Orders: Hatch First 

Get SALT Encoding   

  12  0:03  Drone  
  13  0:17  Drone  
  13  0:18  Overlord  
  14  0:46  Hatchery  
  13  1:02  Drone x3  
  16  1:20  Drone  
  17  1:37  Spawning Pool  
  17  1:38  Extractor, Drone x2  
  17  1:53  Drone  
  18  1:55  Hatchery  
  18  1:59  Drone  
  18  2:01  Drone  
  19  2:10  Drone x2  
  21  2:21  Drone, Overlord  
  22  2:29  Queen  
  24  2:36  Zergling x4  
  26  2:42  Metabolic Boost  
  26  2:44  Zergling x2  
  26  2:47  Zergling x2  
  26  2:50  Zergling x2  
  28  2:59  Zergling x2  
  28  3:01  Zergling x2  
  16  3:24  Drone  
  17  3:39  Drone x2  
  17  3:40  Drone  
  19  3:47  Drone  
  20  3:50  Drone  
  20  3:55  Drone  
  22  4:00  Drone  
  22  4:09  Baneling Nest  
  21  4:12  Zergling x2  
  21  4:16  Zergling x2  
  20  4:22  Zergling x2  
  20  4:23  Zergling x2  
  19  4:26  Zergling x2  
  20  4:34  Zergling x4  
  21  4:45  Drone x3  
  24  4:49  Drone  
  25  4:56  Baneling  
  25  4:58  Drone  
  26  5:03  Zergling x2  
  27  5:16  Spine Crawler, Zergling x4  
  28  5:22  Baneling x2  
  28  5:23  Baneling  
  27  5:33  Zergling x8  
  24  5:44  Spine Crawler  
  24  5:46  Zergling x2  
  24  5:47  Zergling x2  
  24  5:53  Zergling x2  
  24  5:54  Zergling x2  
  25  5:57  Baneling x3  
  24  6:04  Zergling x4  
Show
View Real Time Build Order
Export as new Build Order

Guigou Zerg - Winner!

Build Orders: Pool First 

Get SALT Encoding   

  12  0:02  Drone  
  13  0:10  Drone  
  14  0:18  Extractor  
  13  0:29  Spawning Pool  
  12  0:59  Hatchery  
  11  1:23  Metabolic Boost  
  11  1:24  Overlord  
  11  1:26  Zergling x2  
  11  1:32  Zergling x2  
  13  1:36  Zergling x2  
  14  1:47  Zergling x2  
  15  1:54  Queen  
  15  1:58  Zergling x2  
  18  2:13  Zergling x4  
  20  2:21  Zergling x2  
  21  2:24  Zergling x2  
  22  2:30  Zergling x2  
  22  2:32  Zergling x2  
  24  2:41  Zergling x2  
  24  2:44  Zergling x2  
  26  2:58  Zergling x4  
  26  3:04  Zergling x2  
  26  3:05  Zergling x2  
  26  3:07  Zergling x4  
  26  3:08  Zergling x2  
  26  3:15  Zergling x2  
  26  3:18  Drone  
  26  3:31  Drone x2  
  27  3:38  Overlord  
  27  3:48  Spine Crawler  
  25  3:51  Drone  
  26  4:11  Drone  
  26  4:12  Drone x5  
  25  4:27  Drone x4  
  26  4:45  Spine Crawler  
  26  4:46  Spine Crawler  
  26  4:47  Zergling x2  
  26  4:48  Spine Crawler  
  26  4:49  Zergling x2  
  25  4:55  Zergling x4  
  27  5:05  Roach Warren  
  26  5:16  Drone  
  26  5:17  Drone x5  
  32  5:38  Drone x3  
  32  5:40  Overlord x3  
  32  5:42  Extractor  
  34  5:45  Extractor  
  33  5:55  Drone x3  
Show
View Real Time Build Order
Export as new Build Order

Carlito Protoss - Winner!

Build Orders: 1 Gate Expand 

Get SALT Encoding   

  12  0:00  Probe  
  13  0:12  Probe  
  14  0:18  Pylon  
  14  0:24  Probe  
  15  0:37  Gateway  
  15  0:39  Probe  
  16  0:45  Assimilator  
  16  0:51  Probe (Chrono Boost)  
  17  1:03  Probe (Chrono Boost)  
  18  1:08  Probe  
  19  1:21  Probe  
  20  1:33  Probe, Cybernetics Core  
  21  1:42  Nexus  
  21  1:51  Assimilator  
  21  1:52  Probe  
  22  1:57  Pylon  
  22  2:04  Probe  
  23  2:17  Probe  
  23  2:21  Warp Gate  
  24  2:26  Twilight Council  
  24  2:29  Probe (Chrono Boost)  
  25  2:41  Probe (Chrono Boost), Stalker  
  28  2:46  Probe (Chrono Boost)  
  29  2:55  Probe  
  29  2:57  Probe  
  31  3:02  Robotics Facility  
  31  3:03  Charge (Chrono Boost)  
  31  3:08  Probe  
  31  3:09  Probe  
  33  3:20  Probe  
  33  3:21  Probe  
  34  3:30  Gateway  
  34  3:32  Probe  
  34  3:33  Gateway  
  35  3:38  Gateway  
  35  3:41  Gateway  
  35  3:42  Probe  
  36  3:48  Gateway  
  36  3:55  Gateway  
  36  4:02  Gateway  
  36  4:06  Pylon  
  36  4:09  Pylon  
  36  4:13  Pylon, Warp Prism (Chrono Boost)  
  38  4:23  Pylon  
  38  4:31  Zealot x2  
  38  4:32  Zealot  
  38  4:37  Zealot x2  
  48  4:44  Zealot  
  50  4:50  Zealot  
  50  4:51  Zealot  
  50  4:52  Zealot x2  
  58  5:17  Pylon  
  58  5:19  Zealot x2  
  58  5:20  Zealot x2  
  66  5:23  Zealot x2  
  58  5:43  Zealot  
  58  5:44  Zealot x6  
  58  5:45  Zealot  
  68  6:04  Zealot x2  
  68  6:05  Zealot x5  
  68  6:06  Zealot  
Tags
 
Add a new tag
Caveats
  • Supply blocks, unpowered buildings, or Contaminate may cause inaccurate times.
  • Supply counts are checked every 10 seconds.